 Dungeon Crawl Stone Soup version 0.19-a0-860-g5c370dd (webtiles) character file.

93 Datman the Skirmisher (level 4, -4/29 HPs)
             Began as a Gargoyle Berserker on July 2, 2016.
             Was an Initiate of Okawaru.
             Slain by a polar bear (5 damage)
             ... created by the rage of Trog
             ... on level 2 of the Dungeon.
             The game lasted 00:17:26 (1841 turns).

Datman the Skirmisher (Gargoyle Berserker)          Turns: 1841, Time: 00:17:27

Health: -4/29      AC:  7    Str: 21    XL:     4   Next: 61%
Magic:  4/4        EV: 12    Int:  7    God:    Okawaru [......]
Gold:   58         SH:  0    Dex: 10    Spells: 0 memorised, 3 levels left

rFire  . . .     SeeInvis .     a - +0 falchion
rCold  . . .     Gourm    .     e - +1 leather armour
rNeg   + . .     Faith    .     (no shield)
rPois  ∞         Spirit   .     (no helmet)
rElec  +         Dismiss  .     (no cloak)
rCorr  .         Reflect  .     (no gloves)
SustAt .         Harm     .     (no boots)
MR     .....                    (no amulet)
Stlth  +.........               (no ring)
                                (no ring)

@: not resistant to hostile enchantments, very unstealthy
A: negative energy resistance 1, electricity resistance, unbreathing,
petrification resistance, rot immunity, AC +3
a: Renounce Religion


You were on level 2 of the Dungeon.
You worshipped Okawaru.
Okawaru was noncommittal.
You were not hungry.

You visited 1 branch of the dungeon, and saw 2 of its levels.

You collected 58 gold pieces.

Inventory:

Hand Weapons
 a - a +0 falchion (weapon)
Missiles
 d - 50 stones (quivered)
Armour
 b - a +0 animal skin
 e - a +1 leather armour (worn)
Comestibles
 c - a bread ration
 f - 2 fruits


   Skills:
 + Level 4.0 Fighting
 + Level 3.3 Long Blades
 + Level 2.6 Armour
 + Level 2.6 Dodging


You had 3 spell levels left.
You didn't know any spells.

Dungeon Overview and Level Annotations

Branches:
Dungeon (2/15)

Altars:
Okawaru
Trog


Innate Abilities, Weirdness & Mutations

You are resistant to torment.
Your stone body is resilient. (AC +3)
You are immune to poison.
You resist negative energy. (rN+)
You are resistant to electric shocks. (rElec)
You can survive without breathing.
You are immune to petrification.
You are immune to rotting.


Message History

You kill the rat!
Okawaru accepts your kill.
You see here a rat corpse.
Found a stone staircase leading up.
There is a large open door here.
There is a large open door here.
You open the large door.
There is a large open door here.
Trog sends monsters to punish you. 4 polar bears and a black bear come into view.
You hit the polar bear but do no damage.
You closely miss the polar bear. The polar bear bites you!!
Ouch! That really hurt!
* * * LOW HITPOINT WARNING * * *
The polar bear closely misses you. The polar bear claws you.
* * * LOW HITPOINT WARNING * * *
The polar bear misses you.
You riposte.
You hit the polar bear.
The polar bear is lightly wounded.
The polar bear closely misses you. The polar bear claws you.
You die...

#.######..#.##
#............##..
####''#########.#
##≈≈≈..≈≈≈## #.#
#≈≈≈≈..≈≈≈≈## #.#
≈≈≈≈≈..≈≈≈≈≈## #.#
≈≈≈≈≈..≈≈≈≈≈≈###h#
≈≈≈≈≈..≈≈≈≈≈≈≈##h#
≈≈≈≈≈..≈≈≈≈≈≈≈≈#@###
≈≈≈≈≈..≈≈≈≈≈≈≈≈#hh.#######
≈≈≈≈#..#≈≈≈≈≈≈≈#.h........
...............'.#.#######
....[..........'.#.#
≈≈≈≈#..#≈≈≈≈≈≈≈#.#.#
≈≈≈≈≈..≈≈≈≈≈≈≈≈#.#.#
≈≈≈≈≈..≈≈≈≈≈≈≈≈#.#.#
≈≈≈≈≈..≈≈≈≈≈≈≈##.#.# ##


You could see 4 polar bears and a black bear (berserk).

Vanquished Creatures
  Ijyb (D:2)
  Robin (D:2)
  A worm (D:2)
  2 giant geckos (D:1)
  3 bats
  2 giant cockroaches
  10 hobgoblins
  A jackal (D:2)
  8 kobolds
  A quokka (D:2)
  2 giant newts (D:2)
  11 goblins
  7 rats
50 creatures vanquished.

Notes
Turn   | Place    | Note
-------+----------+-------------------------------------------
     0 | D:1      | Datman the Gargoyle Berserker began the quest for the Orb.
     0 | D:1      | Reached XP level 1. HP: 14/14 MP: 1/1
    92 | D:1      | Reached XP level 2. HP: 18/19 MP: 2/2
   353 | D:1      | Reached ** piety under Trog
   402 | D:1      | Reached XP level 3. HP: 24/24 MP: 3/3
   593 | D:2      | Noticed Ijyb
   604 | D:2      | Killed Ijyb
   604 | D:2      | Reached XP level 4. HP: 19/29 MP: 4/4
  1195 | D:2      | Reached skill level 4 in Fighting
  1440 | D:2      | Found an iron altar of Okawaru.
  1467 | D:2      | Fell from the grace of Trog
  1467 | D:2      | Became a worshipper of Warmaster Okawaru
  1555 | D:2      | Found a bloodstained altar of Trog.
  1567 | D:2      | Noticed Robin
  1576 | D:2      | Killed Robin
  1840 | D:2      | Noticed a polar bear
  1840 | D:2      | Noticed a polar bear
  1840 | D:2      | Noticed a polar bear
  1840 | D:2      | Noticed a black bear
  1840 | D:2      | Noticed a polar bear
  1841 | D:2      | HP: 1/29 [polar bear[the rage of Trog] (1)]
  1841 | D:2      | Slain by a polar bear

Vault maps used:
D:1:      lemuel_arrival_cross
D:2:      kennysheep_big_flooded_room, bloody_trog, okawaru_metal_pillars_1_2,
          uniq_natasha, uniq_iyjb, uniq_robin

Skill      XL: |  1  2  3  4 |
---------------+-------------+-----
Long Blades    | 3 |  3.3
Dodging        | 2 |  2.6
Fighting       | 4 |  4.0
Armour         | |  2.6

Action                   |  1- 3 |  4- 6 || total
-------------------------+-------+-------++-------
Melee: Falchion          |    90 |    98 ||   188
Throw: Stone             |       |     3 ||     3
  Use: Scroll            |       |     5 ||     5
       Potion            |       |     2 ||     2
  Eat: Meat ration       |       |     1 ||     1
       Fruit             |       |     1 ||     1
Armor: Leather armour    |    36 |    33 ||    69
Dodge: Dodged            |    50 |    84 ||   134
